Map: [ESL] Inside and Out

Players

Aristori

  • Race: Zerg Zerg
  • Spawn Location: 1:00

Rhizer - Winner!

  • Race: Protoss Protoss
  • Spawn Location: 7:00

Event: DreamHack SC2 Masters 2022 Valencia

VOD

Have the link to the VOD?

Description

Time

  • Played on: July 1, 2022, 6:32 a.m.
  • Length: 13:50

All games in this series

Show
View Real Time Build Order
Export as new Build Order

Aristori Zerg 

Build Orders: Hatch First 

Get SALT Encoding   

  12  0:00  Drone  
  13  0:12  Overlord  
  13  0:16  Drone  
  14  0:31  Drone x2  
  16  0:41  Drone  
  17  0:52  Hatchery  
  17  0:55  Drone  
  17  0:59  Drone  
  18  1:09  Extractor  
  17  1:14  Spawning Pool  
  17  1:16  Drone  
  17  1:20  Drone  
  18  1:28  Drone  
  19  1:39  Drone  
  20  1:50  Overlord  
  20  2:01  Queen  
  20  2:03  Queen  
  20  2:04  Zergling x2  
  20  2:05  Zergling x2  
  26  2:12  Drone  
  26  2:15  Drone, Metabolic Boost  
  28  2:25  Drone x2  
  30  2:39  Queen  
  32  2:45  Hatchery  
  32  2:49  Overlord  
  31  2:52  Zergling x2  
  31  2:56  Drone x3  
  35  3:06  Zergling x2  
  36  3:14  Drone x4  
  40  3:25  Drone x5  
  42  3:32  Queen  
  41  3:37  Spore Crawler  
  40  3:41  Overlord  
  40  3:42  Drone  
  40  3:45  Queen  
  42  3:57  Drone  
  42  3:58  Drone x5  
  47  4:04  Overlord  
  47  4:08  Queen  
  47  4:10  Drone x2  
  47  4:15  Spore Crawler  
  49  4:24  Drone x7  
  49  4:30  Spore Crawler  
  54  4:34  Spore Crawler  
  54  4:37  Spore Crawler  
  54  4:38  Spore Crawler  
  51  4:40  Evolution Chamber, Overlord  
  51  4:41  Drone  
  51  4:42  Drone  
  51  4:43  Drone  
  57  4:51  Drone  
  57  4:52  Drone x4  
  62  4:55  Overlord  
  62  4:56  Overlord  
  62  5:02  Drone x4  
  66  5:09  Lair  
  66  5:10  Roach Warren, Evolution Chamber  
  62  5:14  Zergling x2  
  62  5:15  Zergling x6  
  62  5:18  Drone x2  
  64  5:24  Drone x4  
  64  5:25  Drone  
  64  5:27  Drone  
  67  5:32  Drone  
  67  5:33  Drone x3  
  71  5:38  Extractor  
  71  5:39  Extractor  
  71  5:41  Drone x5  
  71  5:42  Overlord  
  74  5:52  Overlord  
  73  6:01  Overlord x2  
  73  6:03  Hatchery  
  72  6:08  Glial Reconstitution, Extractor  
  72  6:09  Extractor  
  68  6:12  Drone x9  
  68  6:17  Extractor  
  68  6:18  Zerg Missile Weapons Level 1  
  75  6:26  Roach x2  
  75  6:27  Roach  
  81  6:39  Drone  
  82  6:40  Roach  
  82  6:41  Roach x4  
  90  6:52  Drone x2  
  90  6:53  Roach, Drone  
  90  6:54  Roach x5  
  103  6:59  Overlord  
  103  7:00  Overlord x2  
  103  7:03  Pneumatized Carapace  
  103  7:09  Overlord x2  
  103  7:11  Roach  
  103  7:13  Overlord x2  
  105  7:18  Roach  
  105  7:19  Roach x5  
  117  7:23  Queen  
  117  7:26  Roach x4  
  127  7:30  Roach  
  127  7:31  Roach x2  
  127  7:32  Roach  
  127  7:35  Roach  
  127  7:36  Roach  
  139  7:48  Roach x6  
  151  7:51  Roach  
  151  7:53  Ravager  
  154  8:02  Ravager x2  
  154  8:03  Zergling x2  
  154  8:04  Zergling x20  
  167  8:10  Zergling x2  
  168  8:14  Overlord x2  
  168  8:19  Overlord x3  
  168  8:23  Overlord  
  167  8:27  Ravager x2  
  168  8:45  Ravager x7  
  173  8:54  Zergling x12  
  173  8:55  Zergling x22  
  177  9:04  Ravager x2  
  172  9:16  Roach x13  
  182  9:33  Roach x5  
  182  9:34  Roach x3  
  183  9:42  Roach x7  
  165  9:52  Roach x6  
  165  10:02  Roach  
  165  10:03  Roach x4  
  164  10:11  Roach  
  164  10:12  Roach x8  
  155  10:20  Roach x3  
  159  10:23  Ravager x3  
  159  10:25  Ravager  
  161  10:42  Roach  
  161  10:43  Roach x11  
  173  10:54  Roach x7  
  149  11:15  Roach x11  
  150  11:26  Roach  
  150  11:27  Roach x4  
  160  11:44  Roach x6  
  164  11:54  Roach x4  
  167  11:56  Ravager x5  
  156  12:09  Roach x8  
  158  12:16  Ravager  
  158  12:22  Roach x3  
  163  12:29  Queen x2, Zergling x4  
  159  12:43  Zergling x2  
  159  12:44  Zergling x10  
  147  13:00  Hatchery  
  147  13:03  Roach x7  
  142  13:10  Roach x2  
  146  13:14  Ravager x5  
  146  13:19  Roach  
  155  13:20  Roach x2  
Show
View Real Time Build Order
Export as new Build Order

Rhizer Protoss - Winner!

Build Orders: 1 Gate Expand, Oracle Opening, Chargelot Immortal 

Get SALT Encoding   

  12  0:00  Probe  
  13  0:12  Probe  
  14  0:19  Pylon  
  14  0:24  Probe (Chrono Boost)  
  15  0:37  Probe (Chrono Boost)  
  15  0:41  Gateway  
  16  0:45  Probe (Chrono Boost)  
  17  0:51  Probe  
  17  0:55  Assimilator  
  18  1:03  Probe  
  19  1:15  Probe  
  20  1:26  Nexus  
  20  1:37  Cybernetics Core  
  20  1:39  Probe  
  21  1:47  Assimilator  
  21  1:51  Probe  
  22  1:55  Pylon  
  22  2:03  Probe  
  23  2:11  Adept (Chrono Boost)  
  25  2:16  Probe  
  26  2:23  Stargate  
  26  2:28  Probe  
  27  2:31  Adept (Chrono Boost)  
  27  2:35  Warp Gate  
  29  2:38  Probe  
  29  2:40  Probe  
  31  2:50  Probe  
  32  2:52  Probe  
  33  3:02  Probe  
  33  3:04  Probe  
  35  3:09  Void Ray (Chrono Boost)  
  39  3:14  Pylon, Probe  
  39  3:16  Probe  
  41  3:26  Probe, Adept  
  44  3:30  Probe  
  41  3:36  Oracle (Chrono Boost)  
  41  3:39  Gateway  
  41  3:40  Probe  
  45  3:45  Probe  
  46  3:52  Probe  
  47  3:58  Probe  
  48  4:04  Probe  
  48  4:07  Oracle (Chrono Boost)  
  48  4:11  Probe  
  48  4:13  Nexus  
  48  4:16  Probe  
  53  4:21  Pylon  
  53  4:23  Probe  
  54  4:25  Assimilator  
  54  4:28  Assimilator  
  54  4:39  Probe x2  
  54  4:44  Adept x2  
  60  4:47  Shield Battery  
  60  4:49  Robotics Facility  
  60  4:51  Probe x2  
  62  4:53  Forge  
  62  5:04  Pylon  
  62  5:06  Pylon  
  62  5:22  Probe (Chrono Boost)  
  62  5:23  Sentry, Probe (Chrono Boost)  
  62  5:24  Sentry  
  62  5:25  Twilight Council  
  62  5:27  Gateway  
  66  5:29  Protoss Ground Weapons Level 1  
  66  5:30  Probe (Chrono Boost), Gateway  
  66  5:34  Probe (Chrono Boost)  
  66  5:35  Probe (Chrono Boost)  
  67  5:40  Observer (Chrono Boost), Probe (Chrono Boost)  
  67  5:42  Probe x2 (Chrono Boost)  
  71  5:45  Probe (Chrono Boost)  
  71  5:49  Probe (Chrono Boost)  
  72  5:52  Probe (Chrono Boost)  
  72  5:53  Immortal (Chrono Boost)  
  72  5:54  Pylon  
  79  6:00  Probe (Chrono Boost)  
  79  6:02  Charge, Probe (Chrono Boost)  
  81  6:04  Probe (Chrono Boost)  
  81  6:06  Probe (Chrono Boost), Zealot x2  
  81  6:08  Probe (Chrono Boost)  
  81  6:11  Assimilator  
  87  6:13  Probe  
  87  6:15  Probe, Assimilator  
  89  6:20  Templar Archives, Probe  
  90  6:28  Probe, Immortal (Chrono Boost)  
  95  6:38  Gateway  
  95  6:40  Gateway  
  95  6:41  Psionic Storm  
  95  6:42  Gateway  
  95  6:44  Photon Cannon  
  95  6:46  Probe  
  96  6:57  Immortal (Chrono Boost)  
  100  7:03  Pylon  
  100  7:05  Pylon  
  100  7:06  Nexus  
  100  7:07  Pylon  
  100  7:16  Photon Cannon  
  100  7:17  Shield Battery  
  100  7:18  Pylon  
  100  7:24  High Templar  
  100  7:25  High Templar x3  
  100  7:28  Pylon  
  108  7:30  Gateway  
  108  7:31  Gateway  
  108  7:32  Pylon  
  108  7:34  High Templar  
  110  7:38  Immortal (Chrono Boost)  
  110  7:39  Protoss Ground Weapons Level 2 (Chrono Boost)  
  114  7:46  Probe x3  
  114  7:49  Shield Battery  
  114  7:50  Shield Battery  
  117  7:58  Probe, High Templar  
  120  8:04  Photon Cannon  
  120  8:06  Shield Battery, Zealot x3  
  126  8:14  Observer (Chrono Boost)  
  126  8:15  Photon Cannon  
  126  8:16  High Templar  
  126  8:17  High Templar  
  126  8:19  Shield Battery, Zealot  
  133  8:20  Archon, Shield Battery  
  133  8:26  Immortal (Chrono Boost)  
  137  8:38  Zealot x4  
  137  8:39  Zealot  
  143  8:54  Immortal (Chrono Boost), High Templar  
  143  8:55  High Templar, Zealot  
  151  9:00  Zealot  
  151  9:01  Zealot x3  
  151  9:10  Gateway x2  
  147  9:25  Immortal (Chrono Boost)  
  147  9:27  Zealot x6  
  131  9:47  Zealot x6  
  143  9:57  Immortal (Chrono Boost), Gateway  
  145  10:00  Archon x2  
  145  10:01  Archon  
  145  10:02  Gateway  
  145  10:05  Gateway  
  113  10:09  Zealot x7  
  105  10:26  Gateway  
  105  10:28  Assimilator  
  105  10:31  High Templar x5  
  105  10:32  High Templar x3  
  105  10:33  Immortal (Chrono Boost), Assimilator  
  125  10:38  Archon x2  
  123  10:44  Robotics Facility  
  117  10:55  Probe  
  117  10:56  Immortal (Chrono Boost)  
  115  10:59  High Templar  
  115  11:01  Zealot x2  
  125  11:06  Zealot x7  
  125  11:07  Zealot  
  121  11:26  Zealot x6  
  121  11:30  Immortal (Chrono Boost), High Templar  
  139  11:34  High Templar x2, Zealot  
  139  11:35  Zealot  
  139  11:38  Archon  
  144  11:47  Zealot x2  
  144  11:48  Zealot x2  
  130  12:01  Zealot x2  
  130  12:02  Zealot  
  129  12:10  Zealot x4  
  129  12:11  Probe x2  
  129  12:15  Pylon  
  135  12:16  Warp Prism (Chrono Boost)  
  135  12:17  Immortal (Chrono Boost)  
  137  12:24  High Templar  
  139  12:34  Pylon x2  
  136  12:37  Pylon  
  136  12:40  Pylon  
  131  12:49  Probe  
  131  12:50  Zealot x4  
  132  13:07  High Templar x5  
  132  13:10  High Templar x4  
  132  13:11  Probe x3  
  132  13:12  Archon x2  
  153  13:14  Archon x2  
  151  13:23  Probe  
  151  13:24  Probe x3  
  147  13:33  Zealot  
  129  13:41  Zealot x3  
  126  13:46  Zealot  
  126  13:48  Stalker  

Tags
 
Add a new tag
Caveats
  • Supply blocks, unpowered buildings, or Contaminate may cause inaccurate times.
  • Supply counts are checked every 10 seconds.